Map: Eastwatch LE

Players

Don

  • Race: Zerg Zerg
  • League: Diamond
  • Spawn Location: 1:00

Subwayeatn - Winner!

  • Race: Zerg Zerg
  • League: Platinum
  • Spawn Location: 7:00

VOD

Have the link to the VOD?

Description

Time

  • Played on: April 23, 2018, 2:50 a.m.
  • Length: 12:08
Show
View Real Time Build Order
Export as new Build Order

Don Zerg 

Build Orders: Hatch First, Lurkers 

Get SALT Encoding   

  12  0:02  Drone  
  13  0:13  Overlord  
  13  0:19  Drone  
  14  0:33  Drone x2  
  16  0:36  Drone  
  16  0:41  Extractor  
  16  0:46  Drone  
  17  1:02  Hatchery  
  16  1:05  Drone  
  17  1:18  Spawning Pool  
  16  1:20  Drone  
  16  1:24  Drone  
  18  1:35  Drone  
  19  1:40  Drone  
  20  1:52  Overlord  
  20  2:04  Queen  
  22  2:12  Zergling x2  
  22  2:13  Zergling x2  
  22  2:15  Zergling x2  
  25  2:18  Queen  
  25  2:19  Metabolic Boost  
  27  2:37  Overlord  
  27  2:43  Drone x2  
  27  2:44  Drone x2  
  31  2:54  Evolution Chamber  
  30  2:59  Evolution Chamber  
  30  3:02  Roach Warren  
  28  3:06  Drone  
  28  3:07  Evolution Chamber  
  28  3:29  Drone x4  
  28  3:30  Drone x3  
  35  3:43  Spine Crawler  
  35  3:45  Spine Crawler  
  33  3:54  Drone x4  
  37  4:08  Drone x5  
  37  4:09  Drone  
  43  4:13  Extractor  
  43  4:16  Queen  
  44  4:28  Overlord x2  
  44  4:45  Spine Crawler  
  43  4:46  Roach  
  43  4:47  Roach x6  
  57  4:58  Hatchery  
  56  5:13  Drone x4  
  56  5:14  Lair  
  60  5:17  Overlord  
  60  5:49  Baneling Nest  
  59  5:50  Extractor  
  59  5:51  Drone x9  
  59  5:52  Extractor  
  66  6:11  Zerg Missile Weapons Level 1  
  66  6:12  Zerg Ground Armor Level 1  
  66  6:13  Overlord x2  
  65  6:24  Glial Reconstitution  
  65  6:29  Roach x4  
  65  6:31  Overlord x2  
  73  6:34  Hydralisk Den  
  72  6:40  Drone x5  
  72  6:44  Overlord  
  77  6:50  Roach  
  79  7:00  Roach x3  
  85  7:08  Muscular Augments, Lurker Den  
  84  7:10  Hydralisk x5  
  84  7:14  Drone x4  
  98  7:24  Drone x3  
  101  7:36  Overseer  
  101  7:37  Pneumatized Carapace  
  101  7:38  Drone x2  
  101  7:39  Drone x4  
  101  7:43  Overlord x2  
  107  7:45  Hydralisk x2  
  111  7:57  Extractor, Overlord  
  111  7:58  Extractor  
  109  8:03  Zerg Melee Weapons Level 1  
  109  8:06  Zerg Missile Weapons Level 2  
  109  8:10  Drone x2  
  109  8:11  Drone x2  
  109  8:12  Drone x2  
  115  8:15  Overlord  
  115  8:19  Drone  
  116  8:26  Hydralisk x4  
  116  8:27  Hydralisk x2  
  124  8:45  Hydralisk x3  
  124  8:46  Hydralisk x2  
  130  9:03  Hydralisk x6  
  142  9:13  Hydralisk x2  
  146  9:26  Overlord x4  
  146  9:33  Overlord  
  146  9:34  Overlord x2  
  146  9:35  Overlord x2  
  146  9:57  Lurker x4  
  146  9:58  Lurker x2  
  134  10:10  Hatchery  
  128  10:27  Hydralisk x5  
  138  10:35  Spore Crawler  
  137  10:37  Spore Crawler  
  137  10:40  Spore Crawler  
  137  10:41  Spore Crawler  
  137  10:42  Spore Crawler x2  
  129  10:53  Hydralisk  
  131  11:03  Spore Crawler  
  131  11:04  Spore Crawler x2  
  129  11:08  Zergling x2  
  129  11:09  Zergling x10  
Show
View Real Time Build Order
Export as new Build Order

Subwayeatn Zerg - Winner!

Build Orders: Pool First 

Get SALT Encoding   

  12  0:00  Drone  
  13  0:12  Drone  
  14  0:18  Extractor  
  14  0:19  Drone  
  14  0:25  Overlord  
  14  0:41  Spawning Pool  
  13  0:47  Drone  
  14  0:50  Drone  
  14  0:55  Drone  
  16  1:24  Hatchery  
  15  1:35  Queen  
  17  1:44  Metabolic Boost  
  17  1:51  Drone  
  17  1:53  Drone  
  19  1:56  Drone  
  20  2:03  Overlord  
  20  2:16  Queen  
  22  2:46  Baneling Nest  
  22  2:50  Drone x3  
  22  2:51  Drone x5  
  29  3:08  Zergling x2  
  29  3:09  Zergling x4  
  32  3:15  Zergling x2  
  33  3:28  Zergling x6  
  36  3:38  Lair  
  36  3:41  Overlord  
  36  3:43  Overlord  
  36  3:44  Overlord  
  36  3:48  Baneling  
  36  3:49  Baneling  
  35  4:07  Drone x6  
  35  4:08  Drone  
  42  4:11  Hatchery  
  41  4:17  Roach Warren  
  41  4:23  Extractor  
  39  4:30  Drone x4  
  43  4:31  Extractor  
  43  4:32  Extractor  
  43  4:36  Queen  
  43  4:53  Drone x7  
  43  4:54  Drone  
  51  5:03  Glial Reconstitution  
  51  5:08  Overlord  
  51  5:10  Overlord  
  51  5:12  Overlord  
  51  5:15  Overlord  
  51  5:26  Drone x5  
  56  5:30  Zergling x2  
  57  5:51  Roach x8  
  73  6:08  Roach x2  
  73  6:09  Roach x4  
  84  6:27  Drone  
  84  6:28  Spire, Drone  
  84  6:29  Drone x6  
  84  6:30  Drone x2  
  93  6:33  Extractor  
  93  6:38  Drone x4  
  96  6:41  Drone  
  96  6:43  Overlord  
  96  6:46  Overlord  
  97  7:02  Drone x2  
  97  7:03  Drone x3  
  97  7:04  Overlord x2  
  97  7:05  Extractor  
  101  7:16  Roach x5  
  111  7:25  Zergling x2  
  111  7:26  Zergling x2  
  111  7:28  Zergling x2  
  114  7:32  Drone x3  
  117  7:38  Drone x2  
  117  7:44  Overlord x3  
  119  7:48  Pneumatized Carapace  
  119  7:49  Mutalisk  
  119  7:50  Mutalisk x4  
  129  8:15  Mutalisk  
  129  8:16  Mutalisk x10  
  150  8:31  Overlord x3  
  150  8:33  Drone x2  
  132  9:04  Roach x8  
  132  9:05  Roach  
  148  9:25  Roach  
  148  9:26  Roach x6  
  161  9:31  Zerg Flyer Armor Level 1  
  161  9:34  Evolution Chamber x2  
  161  9:35  Hatchery  
  158  9:40  Extractor  
  157  9:52  Roach  
  159  9:53  Roach x6  
  171  10:10  Roach x3  
  171  10:42  Overlord x4  
  165  11:00  Roach x10  
  187  11:13  Roach x4  
  191  11:32  Overlord x2  
  187  11:33  Overlord x2  
Tags
 
Composition
Lurkers
Matchup
ZvZ
Race
Zerg
Replay Pack
Multiplayer
Spawn Locations
Cross Positions
Add a new tag
Caveats
  • Supply blocks, unpowered buildings, or Contaminate may cause inaccurate times.
  • Supply counts are checked every 10 seconds.